 Dungeon Crawl Stone Soup version 0.30-a0-845-g7c6808c8ce (webtiles) character file.

Game seed: 13088934791922599172

36 bande the Trooper (level 3, -1/24 HPs)
             Began as a Gargoyle Fighter on Mar 2, 2023.
             Slain by a gnoll
             ... wielding a +0 whip
              (5 damage)
             ... on level 2 of the Dungeon.
             The game lasted 00:02:13 (1345 turns).

bande the Trooper (Gargoyle Fighter)                Turns: 1345, Time: 00:02:13

Health: -1/24      AC: 11    Str: 19    XL:     3   Next: 37%
Magic:  3/3        EV:  9    Int:  8    God:
Gold:   79         SH:  4    Dex: 11    Spells: 2/2 levels left

rFire   . . .      SeeInvis .    a - +0 trident
rCold   . . .      Faith    .    c - +0 buckler
rNeg    + . .      Spirit   .    b - +0 scale mail
rPois   ∞          Reflect  .    (no helmet)
rElec   +          Rampage  .    (no cloak)
rCorr   .                        (no gloves)
Will    .....                    l - +0 pair of boots Stlth
                                 (no amulet)
HPRegen 0.24/turn                (no ring)
MPRegen 0.08/turn                (no ring)

@: no status effects
A: sickness immunity, AC +3, negative energy resistance 1, electricity
resistance, torment resistance 1, petrification resistance
a: no special abilities


You were on level 2 of the Dungeon.
You visited 1 branch of the dungeon, and saw 2 of its levels.

You collected 79 gold pieces.

Inventory:

Hand Weapons
 a - a +0 trident (weapon)
Armour
 b - a +0 scale mail (worn)
 c - a +0 buckler (worn)
 l - a +0 pair of boots (worn)
Potions
 d - a potion of might
 e - a potion of mutation
 i - a potion of magic
 k - a potion of heal wounds


   Skills:
 + Level 3.7 Fighting
 + Level 2.4 Polearms
 + Level 3.6 Armour
 + Level 3.5 Shields


You had 2 spell levels left.
You didn't know any spells.
Your spell library contained the following spells:

 Spells                   Type           Power      Damage    Failure   Level
 Apportation              Tloc           0%         N/A       86%         1
 Alistair's Intoxication  Tmut/Pois      0%         N/A       100%        5


Dungeon Overview and Level Annotations

Branches:
Dungeon (2/15)

Altars:


Innate Abilities, Weirdness & Mutations

You are immune to sickness and miasma.
Your stone body is resilient. (AC +3)
You are immune to poison.
You resist negative energy. (rN+)
You are resistant to electric shocks. (rElec)
You are resistant to unholy torment.
You are immune to petrification.


Message History

You hit the gnoll.
The gnoll is heavily wounded.
The gnoll closely misses you. The gnoll barely misses you.
The gnoll hits you but does no damage.
You blink.
You puncture the gnoll!
The gnoll is severely wounded.
The gnoll hits you with a +0 whip. The gnoll hits you but does no damage.
Space warps around you.
You closely miss the gnoll.
The gnoll is severely wounded.
The gnoll misses you. The gnoll hits you but does no damage.
The gnoll hits you from afar with a +2 spear of distortion.
Space warps around you.
You are too injured to fight recklessly!
You are too injured to fight recklessly!
You are too injured to fight recklessly!
You are too injured to fight recklessly!
You are too injured to fight recklessly!
You are too injured to fight recklessly!
You are too injured to fight recklessly!
You are too injured to fight recklessly!
You closely miss the gnoll.
The gnoll is severely wounded.
The gnoll hits you but does no damage. The gnoll hits you with a +0 whip.
* * * LOW HITPOINT WARNING * * *
The gnoll misses you.
You puncture the gnoll!
You kill the gnoll!
The gnoll barely misses you. x2
Found a chain mail.
The gnoll hits you from afar with a +2 spear of distortion.
* * * LOW HITPOINT WARNING * * *
You see here a +0 whip.
The gnoll attacks as you move away! The gnoll barely misses you.
You puncture the gnoll!
The gnoll is severely wounded.
The gnoll hits you but does no damage. The gnoll barely misses you.
You block the gnoll's attack. The gnoll attacks as you move away!
The gnoll hits you with a +0 whip.
You die...

#.# #.##. ###.# . (#
....# # ....# ##. ...##
..[ #.## #.#
#.########## #.#
...........# #.#
#.#####.##.# #@# #.#
#.##.# #g# #.#####.##.#
#g#
........##.#####g#######
##.####.##..[g..........
#.####.########.#######
#...............#
#######.##########
........#


You could see 3 gnolls.

Vanquished Creatures
  A gnoll (D:2)
  A worm (D:2)
  2 ball pythons (D:1)
  2 endoplasms (D:1)
  3 goblins (D:1)
  A hobgoblin (D:2)
  4 jackals (D:1)
  2 quokkas
  A frilled lizard (D:1)
  2 kobolds
  3 rats (D:1)
22 creatures vanquished.

Notes
Turn   | Place    | Note
-------+----------+-------------------------------------------
     0 | D:1      | bande the Gargoyle Fighter began the quest for the Orb.
     0 | D:1      | Reached XP level 1. HP: 14/14 MP: 1/1
   222 | D:1      | Reached XP level 2. HP: 18/19 MP: 2/2
  1081 | D:2      | Reached XP level 3. HP: 19/24 MP: 3/3
  1345 | D:2      | Slain by a gnoll

Illustrated notes

Levels and vault maps discovered:
D:1:      matt_arrival_spirals, layout_basic, lemuel_flame_loot_1
D:2:      layout_loops_ring, ebering_ecumenical_altar_box, minmay_tetromino_s4

Skill      XL: |  1  2 |
---------------+-------+-----
Polearms       | 2 |  2.4
Fighting       | |  3.7
Armour         | |  3.6
Shields        | |  3.5

Action                     || total
---------------------------++-------
  Melee: Trident           ||    65
    Use: Scroll            ||     7
 Armour: Scale mail        ||    42
  Dodge: Dodged            ||    37
  Block: Buckler           ||    19

Table legend: (Time is in decaauts)
 A = Elapsed time spent in this place.
 B = Non-inter-level travel time spent in this place.
 C = Inter-level travel time spent in this place.
 D = Time resting spent in this place.
 E = Time spent auto-exploring this place.
 F = Levels seen in this place.
 G = Mean time per level.
                   A        B        C        D        E       F      G
               +--------+--------+--------+--------+--------+-----+--------+
         Total |   1361 |   1336 |     25 |      0 |   1108 |   2 |  680.5 |
       Dungeon |   1361 |   1336 |     25 |      0 |   1108 |   2 |  680.5 |
               +--------+--------+--------+--------+--------+-----+--------+

Top non-repeatable levels by time:
     D:1: 979 daAuts
     D:2: 381 daAuts
